 Dungeon Crawl Stone Soup version 0.24-a0-244-ga6a6ab7d13 (webtiles) character file.

Game seed: 14929083171918515318

42 Redear the Ducker (level 3, -2/26 HPs)
             Began as an Octopode Berserker on Apr 11, 2019.
             Was a Follower of Trog.
             Slain by a phantom (9 damage)
             ... on level 2 of the Dungeon.
             The game lasted 00:02:02 (1088 turns).

Redear the Ducker (Octopode Berserker)              Turns: 1088, Time: 00:02:02

Health: -2/26      AC:  1    Str: 16    XL:     3   Next: 54%
Magic:  3/3        EV: 14    Int: 14    God:    Trog [*.....]
Gold:   85         SH:  0    Dex: 12    Spells: 2/2 levels left

rFire    . . .     SeeInvis .   a - +0 falchion
rCold    . . .     Gourm    .   (no shield)
rNeg     . . .     Faith    .   (helmet restricted)
rPois    .         Spirit   .   (no amulet)
rElec    .         Reflect  .   (no ring)
rCorr    .         Harm     .   (no ring)
MR       .....                  (no ring)
Stlth    +++.......             (no ring)
HPRegen  0.08/turn              (no ring)
MPRegen  0.08/turn              (no ring)
                                (no ring)
                                (no ring)

@: brilliant, berserk cooldown
A: almost no armour, stealthy swim, amphibious, 8 rings, constrict 8, camouflage
1, gelatinous body 1
a: Berserk, Renounce Religion


You were on level 2 of the Dungeon.
You worshipped Trog.
Trog was aware of your devotion.
You were near starving.

You visited 1 branch of the dungeon, and saw 2 of its levels.

You collected 85 gold pieces.

Inventory:

Hand Weapons
 a - a +0 falchion (weapon)
Armour
 k - a +0 buckler
Scrolls
 b - 2 scrolls of teleportation {unknown}
 c - a scroll of enchant armour {unknown}
 e - a scroll of blinking {unknown}
 f - 2 scrolls of fog {unknown}
 g - 2 scrolls of remove curse {unknown}
 i - 2 scrolls of identify {unknown}
 j - a scroll of random uselessness {unknown}
Comestibles
 z - 4 rations


   Skills:
 + Level 3.3 Fighting
 + Level 3.4 Long Blades
 + Level 3.4 Dodging
 + Level 2.1 Stealth


You had 2 spell levels left.
You didn't know any spells.
Your spell library was empty.

Dungeon Overview and Level Annotations

Branches:
Dungeon (2/15)

Altars:


Innate Abilities, Weirdness & Mutations

You cannot wear most types of armour.
You are very stealthy in the water. (Stealth+)
You are amphibious.
You can wear up to eight rings at the same time.
You can use your tentacles to constrict eight enemies at once.
Your skin changes colour to match your surroundings (Stealth+).
Your rubbery body absorbs attacks. (AC +1, EV +1)


Message History

The phantom blinks!
The phantom blinks!
The phantom hits you but does no damage.
You closely miss the phantom.
The phantom is severely damaged.
You feel less wooden.
You feel yourself speed up. The phantom closely misses you.
You now have 11/26 hp.
You completely miss the phantom.
The phantom is severely damaged.
The phantom hits you.
* * * LOW HITPOINT WARNING * * *
The phantom blinks!
You take 4 damage, and have 7/26 hp.
The phantom blinks!
The phantom blinks!
You hit the phantom but do no damage.
The phantom is severely damaged.
The phantom hits you!
You die...

.#..#####...###.#.##....##.......
###.......#....###.# #..$.....#
##.####...###.#.## #..####. ##.#
##### ##.## #....... ##.##
####.#### #...#### ##.##
######.......# #...#
#.#####.<)...##.##.# #.w.#
##.#......###.##W##.# #...#
...#......#.....@##.######...####
..........#.#.§..##..............
..)...)....#......†..............
†..)......#.##.#####.....W.......
...#......####.# #######...####
...#......# #.# #.#.# ###########
#.# .###.# #.# # ## #.#


You could see a phantom.

Vanquished Creatures
  A worm (D:2)
  A dart slug (D:1)
  2 leopard geckos
  2 ball pythons
  A giant cockroach (D:1)
  2 goblins
  5 hobgoblins
  3 kobolds (D:1)
  2 bats (D:1)
  3 frilled lizards (D:1)
  13 rats
35 creatures vanquished.

Notes
Turn   | Place    | Note
-------+----------+-------------------------------------------
     0 | D:1      | Redear the Octopode Berserker began the quest for the Orb.
     0 | D:1      | Reached XP level 1. HP: 16/16 MP: 1/1
   272 | D:1      | Reached skill level 1 in Stealth
   272 | D:1      | Reached XP level 2. HP: 21/21 MP: 2/2
   697 | D:1      | Reached XP level 3. HP: 26/26 MP: 3/3
   914 | D:2      | Reached skill level 2 in Stealth
  1013 | D:2      | Noticed a phantom
  1051 | D:2      | Reached ** piety under Trog
  1058 | D:2      | HP: 3/39 [phantom (10)]
  1088 | D:2      | Slain by a phantom

Levels and vault maps discovered:
D:1:      matt_arrival_los_fun, layout_basic, minmay_rat_gold_closets
D:2:      layout_loops_cross, gammafunk_temple_overflow_statue, uniq_natasha

Skill      XL: |  1  2  3 |
---------------+----------+-----
Stealth        | 1 2 |  2.1
Fighting       | |  3.3
Long Blades    | |  3.4
Dodging        | |  3.4

Action                   || total
-------------------------++-------
Melee: Falchion          ||    67
       Constrict         ||    17
       Tentacles         ||    14
Invok: Berserk           ||     1
       Trog's Hand       ||     1
  Use: Potion            ||     2
 Stab: Sleeping          ||    13
Armor: Skin              ||    13
Dodge: Dodged            ||    33
       Rpst.: Falchion   ||    11

Table legend:
 A = Non-vault XP
 B = Vault XP
 C = Vault XP percentage of total XP
 D = Non-vault monster count
 E = Vault monster count
 F = Vault count percentage of total count
                 A         B        C        D         E       F
            +---------+---------+-------+---------+---------+-------
      Total |      51 |       9 |  15.0 |      26 |       9 |  25.7
            +---------+---------+-------+---------+---------+-------
        D:1 |      31 |       9 |  22.5 |      17 |       9 |  34.6
        D:2 |      20 |       0 |   0.0 |       9 |       0 |   0.0
            +---------+---------+-------+---------+---------+-------
